 Dungeon Sprint DCSS version 0.21.1-1-g345015f (webtiles) character file.

5329 wilfster70 the Protected (level 10, -7/106 HPs)
             Began as a Deep Dwarf Fighter on Feb 28, 2018.
             Was the Champion of Makhleb.
             Mangled by an orc knight
             ... wielding a +0 battleaxe
              (38 damage)
             ... in the Dungeon (Sprint IX: "|||||||||||||||||||||||||||||").
             The game lasted 00:05:27 (972 turns).

wilfster70 the Protected (Deep Dwarf Fighter)        Turns: 972, Time: 00:05:27

Health: -7/106     AC: 21    Str: 20    XL:     10   Next: 38%
Magic:  18/18      EV: 12    Int:  9    God:    Makhleb [******]
Gold:   145        SH:  0    Dex: 18    Spells: 9/9 levels left

rFire    + + +     SeeInvis .   r - +2 dire flail of Guastawi {speed, +Inv rF+++ rC+ Stlth+}
rCold    + . .     Gourm    .   (shield currently unavailable)
rNeg     . . .     Faith    .   l - +1 scale mail
rPois    .         Spirit   .   v - +1 helmet
rElec    .         Reflect  .   y - +0 cloak
rCorr    .         Harm     .   z - +0 pair of gloves
MR       +....     NoTele   +   u - +1 pair of boots
Stlth    +.........             (no amulet)
HPRegen  0.00/turn              s - +3 ring of dexterity
MPRegen  0.16/turn              t - +2 ring of protection

@: non-regenerating
A: damage resistance, heal wounds, sense surroundings 2, no regeneration
a: Heal Wounds, Minor Destruction, Lesser Servant of Makhleb, Major Destruction,
Greater Servant of Makhleb, Renounce Religion, Evoke Invisibility


You were in the Dungeon.
You worshipped Makhleb.
Makhleb was exalted by your worship.
You were hungry.

You visited 1 branch You collected 145 gold pieces.

Inventory:

Hand Weapons
 a - a +0 war axe
 q - a +3 broad axe of chopping
 r - the +2 dire flail of Guastawi (weapon) {speed, +Inv rF+++ rC+ Stlth+}
   (You found it in the Dungeon)

   Attacks with this weapon are significantly faster.
   It renders you almost immune to fire.
   It protects you from cold.
   It lets you turn invisible.
   It makes you more stealthy.
Armour
 l - a +1 scale mail (worn)
 u - a +1 pair of boots (worn)
 v - a +1 helmet (worn)
 y - a +0 cloak (worn)
 z - a +0 pair of gloves (worn)
Jewellery
 s - a +3 ring of dexterity (left hand)
 t - a +2 ring of protection (right hand)
Wands
 p - a wand of iceblast (10)
Scrolls
 k - 2 scrolls of blinking
 n - 6 scrolls of remove curse
 o - 2 scrolls of amnesia
 x - a scroll of identify
Potions
 c - 2 potions of resistance
 d - a potion of might
 e - 5 potions of curing
 g - 3 potions of heal wounds
 h - a potion of haste
 i - 4 potions of magic
 j - 2 potions of berserk rage
 m - a potion of invisibility
 w - 2 potions of mutation
Comestibles
 f - 12 rations


   Skills:
 + Level 11.9 Fighting
 - Level 5.2(9.9) Axes
 + Level 11.9(12.2) Maces & Flails
 + Level 13.8 Armour
 + Level 3.9 Dodging
   Level 5.8 Shields
 - Level 12.9 Invocations


You had 9 spell levels left.
You didn't know any spells.

Dungeon Overview and Level Annotations

Branches:
Dungeon (1/1)

Altars:
Cheibriados
Dithmenos
Elyvilon
Fedhas
Gozag
Hepliaklqana
Kikubaaqudgha
Makhleb
Nemelex Xobeh
Okawaru
Qazlal
Ru
Sif Muna
Trog
Uskayaw
Vehumet
Wu Jian
Xom
Yredelemnul
Zin
The Shining One
Beogh
Jiyva
Lugonu


Innate Abilities, Weirdness & Mutations

You are resistant to damage.
You can heal yourself by infusing magical energy.
You passively map the area around you.
You do not regenerate.


Message History

The orc knight roars a battlecry!
The orc warrior goes into a battle-frenzy!
You hit the orc knight but do no damage.
You sock the orc knight!
The orc knight is lightly wounded.
The orc priest invokes the aid of Beogh against you.
Beogh smites you!
* * * LOW HITPOINT WARNING * * *
The orc warrior closely misses you.
The orc knight hits you with a battleaxe!!
* * * LOW HITPOINT WARNING * * *
You puncture the orc knight!
The orc knight is moderately wounded.
You barely miss the orc knight.
The orc knight is moderately wounded.
You feel much better.
The orc priest no longer looks unusually strong.
The orc warrior misses you.
The orc knight hits you with a battleaxe!!!
You die...

* *, , ,*
▓.▓.▓.▓_▓ , *,
* ▓.▓.▓.▓.▓_▓ ,
, ▓o▓.▓.▓.▓_▓ ,
, ,
,▓o▓.▓†▓.▓_▓ ,*
*,▓o▓.▓†▓.▓_▓ *
* ,* ,*
▓o▓.▓'▓.▓_▓ * *
, ▓o▓.▓.▓.▓_▓
*, ,
▓o▓.▓.▓.▓_▓ * *
▓@▓.▓.▓.▓_▓ *,
, ▓)▓.▓.▓.▓_▓ ,
,*, ,*
▓)▓.▓.▓.▓_▓ ,*
* ,▓)▓.▓.▓.▓_▓
* * ,*
▓.▓.▓.▓.▓_▓ , ,
*,*,▓)▓.▓÷▓.▓_▓
* , ,*,
▓)▓.▓†▓.▓_▓ * *
,▓)▓.▓'▓.▓_▓ *
, *,
▓)▓.▓.▓.▓_▓


You could see 2 orc knights, 2 orc warriors and 2 orc priests.

Vanquished Creatures
  Harold (D)
  An ugly thing (D)
  An orc knight (D)
  A slime creature (D)
  2 hippogriffs (D)
  3 yaks (D)
  4 hell hounds (D)
  3 porcupines (D)
  6 orc warriors (D)
  An ice beast (D)
  5 wolves (D)
  3 crocodiles (D)
  A centaur (D)
  6 bullfrogs (D)
  A scorpion (D)
  A howler monkey (D)
  A crimson imp (D)
  3 orc priests (D)
  4 orc wizards (D)
  A hell rat (D)
  An adder (D)
  8 orcs (D)
  A bat zombie (D)
  A quokka (D)
  2 ball python skeletons (D)
  A bat (D)
  A frilled lizard (D)
  2 kobolds (D)
  A quokka skeleton (D)
  A rat (D)
68 creatures vanquished.

Notes
Turn   | Place    | Note
-------+----------+-------------------------------------------
     0 | D        | wilfster70 the Deep Dwarf Fighter began the quest for the Orb.
     0 | D        | Reached XP level 1. HP: 20/20 MP: 1/1
    28 | D        | Noticed a crimson imp
    28 | D        | Noticed a scorpion
    39 | D        | Killed a scorpion
    39 | D        | Reached skill level 5 in Armour
    39 | D        | Reached skill level 5 in Shields
    39 | D        | Reached XP level 2. HP: 12/30 MP: 2/2
    39 | D        | Reached XP level 3. HP: 15/36 MP: 3/3
    71 | D        | Found a roughly hewn altar of Beogh.
    71 | D        | Found a snail-covered altar of Cheibriados.
    71 | D        | Found a shadowy altar of Dithmenos.
    71 | D        | Found a white marble altar of Elyvilon.
    71 | D        | Found a blossoming altar of Fedhas.
    71 | D        | Found an opulent altar of Gozag.
   100 | D        | Found a hazy altar of Hepliaklqana.
   101 | D        | Found a viscous altar of Jiyva.
   102 | D        | Found an ancient bone altar of Kikubaaqudgha.
   103 | D        | Found a corrupted altar of Lugonu.
   104 | D        | Found a burning altar of Makhleb.
   105 | D        | Found a sparkling altar of Nemelex Xobeh.
   106 | D        | Found an iron altar of Okawaru.
   107 | D        | Found a stormy altar of Qazlal.
   108 | D        | Found a sacrificial altar of Ru.
   109 | D        | Found a deep blue altar of Sif Muna.
   110 | D        | Found a bloodstained altar of Trog.
   111 | D        | Found a hide-covered altar of Uskayaw.
   125 | D        | Reached skill level 5 in Axes
   125 | D        | Reached XP level 4. HP: 14/45 MP: 4/4
   131 | D        | Became a worshipper of Makhleb the Destroyer
   234 | D        | Found a radiant altar of Vehumet.
   235 | D        | Found an ornate altar of the Wu Jian Council.
   236 | D        | Found a shimmering altar of Xom.
   237 | D        | Found a basalt altar of Yredelemnul.
   238 | D        | Found a glowing silver altar of Zin.
   239 | D        | Found a glowing golden altar of the Shining One.
   256 | D        | Got the +2 dire flail of Guastawi {speed, +Inv rF+++ rC+ Stlth+}
   311 | D        | Noticed a centaur
   311 | D        | Noticed a bullfrog
   318 | D        | Killed a bullfrog
   318 | D        | Reached skill level 5 in Fighting
   318 | D        | Reached skill level 6 in Armour
   318 | D        | Reached XP level 5. HP: 54/55 MP: 5/5
   322 | D        | Reached * piety under Makhleb
   322 | D        | Reached skill level 7 in Armour
   325 | D        | Killed a centaur
   325 | D        | Reached skill level 8 in Armour
   325 | D        | Reached XP level 6. HP: 61/63 MP: 6/6
   329 | D        | Reached ** piety under Makhleb
   334 | D        | Noticed a red ugly thing
   334 | D        | Noticed an ice beast
   334 | D        | Noticed a slime creature
   343 | D        | Killed a slime creature
   343 | D        | Reached skill level 9 in Armour
   362 | D        | Killed a red ugly thing
   362 | D        | Reached skill level 10 in Armour
   362 | D        | Reached XP level 7. HP: 46/75 MP: 7/12
   370 | D        | Reached *** piety under Makhleb
   379 | D        | Reached XP level 8. HP: 48/84 MP: 8/13
   556 | D        | Reached **** piety under Makhleb
   562 | D        | Noticed a hippogriff
   564 | D        | Reached skill level 11 in Armour
   574 | D        | Reached ***** piety under Makhleb
   582 | D        | Reached skill level 10 in Invocations
   590 | D        | Killed a hippogriff
   590 | D        | Reached skill level 10 in Fighting
   621 | D        | Noticed a hippogriff
   627 | D        | Killed a hippogriff
   627 | D        | Gained mutation: You passively map the area around you. [Deep Dwarf growth]
   627 | D        | Reached XP level 9. HP: 93/93 MP: 15/15
   643 | D        | Reached skill level 12 in Armour
   649 | D        | Reached skill level 10 in Maces & Flails
   667 | D        | Reached ****** piety under Makhleb
   823 | D        | Noticed Harold
   847 | D        | Killed Harold
   847 | D        | Reached skill level 13 in Armour
   847 | D        | Reached XP level 10. HP: 105/105 MP: 18/18
   888 | D        | Reached skill level 1 in Dodging
   907 | D        | Noticed an orc knight
   919 | D        | Killed an orc knight
   932 | D        | Noticed an orc knight
   939 | D        | Noticed an orc knight
   969 | D        | HP: 4/106 [orc knight/battleaxe (21)]
   972 | D        | Mangled by an orc knight

Skill      XL: |  1  2  3  4  5  6  7  8  9 10 |
---------------+-------------------------------+-----
Fighting       | 4 5 6 8 10 11 | 11.9
Axes           | 4 5 |  5.2
Armour         | 5 6 8 10 11 13 | 13.8
Shields        | 5 |  5.8
Maces & Flails | 3 4 7 9 11 | 11.9
Invocations    | 7 10 12 | 12.9
Dodging        | 3 |  3.9

Action                   |  1- 3 |  4- 6 |  7- 9 | 10-12 || total
-------------------------+-------+-------+-------+-------++-------
Melee: War axe           |    71 |       |       |       ||    71
       Dire flail        |       |    41 |   171 |    79 ||   291
 Abil: Heal Wounds       |       |     2 |     1 |       ||     3
  Use: Scroll            |       |       |     4 |       ||     4
       Potion            |       |       |       |     2 ||     2
Armor: Scale mail        |    26 |    10 |    48 |    11 ||    95
Dodge: Dodged            |    21 |    12 |    48 |    25 ||   106
Block: Shield            |    40 |       |       |       ||    40
